 Dungeon Crawl Stone Soup version 0.19-a0-1714-gcab94ab (webtiles) character file.

3348 hairmachine the Martial Artist (level 9, -8/63 HPs)
             Began as a Demigod Transmuter on Sept 28, 2016.
             Shot with a sling bullet by Joseph (13 damage)
             ... on level 7 of the Dungeon.
             The game lasted 00:32:56 (12051 turns).

hairmachine the Martial Artist (DgTm)              Turns: 12051, Time: 00:32:57

Health: -8/63      AC: 13    Str: 15      XL:     9   Next: 44%
Magic:  21/21      EV: 12    Int: 17 (19) God:
Gold:   368        SH:  0    Dex: 17 (18) Spells: 4 memorised, 8 levels left

rFire  . . .     SeeInvis .       - Unarmed
rCold  . . .     Gourm    .     b - +0 robe
rNeg   . . .     Faith    .     (no shield)
rPois  .         Spirit   .     (no helmet)
rElec  .         Dismiss  .     v - +0 cloak
rCorr  .         Reflect  .     o - +0 pair of gloves
MR     .....     Harm     .     j - +0 pair of boots
Stlth  ++........               (no amulet)
                                A - +3 ring of protection
                                s - +4 ring of protection

@: very slightly contaminated, starving, hasted, drained, very quick
A: high mp 1
a: no special abilities


You were on level 7 of the Dungeon.
You were starving.

You visited 1 branch of the dungeon, and saw 7 of its levels.

You collected 368 gold pieces.

Inventory:

Missiles
 a - 47 arrows
 e - 173 stones (quivered)
Armour
 b - a +0 robe (worn)
 j - a +0 pair of boots (worn)
 o - a +0 pair of gloves (worn)
 v - a +0 cloak (worn)
Jewellery
 m - an uncursed amulet of the gourmand {unknown}
 s - a +4 ring of protection (left hand)
 A - a +3 ring of protection (right hand)
 C - a cursed ring of loudness {unknown}
Wands
 u - a wand of lightning (6/15)
 B - a wand of teleportation (2/9)
 D - a wand of acid (5/15)
Scrolls
 f - 7 scrolls of remove curse
 h - 2 scrolls of magic mapping {unknown}
 i - 6 scrolls of identify
 l - 2 scrolls of recharging
 r - 4 scrolls of random uselessness {unknown}
 w - a scroll of blinking {unknown}
 y - 3 scrolls of fog {unknown}
 z - a scroll of enchant armour {unknown}
Potions
 g - 2 potions of haste
 k - 4 potions of lignification
 q - a potion of curing
Books
 c - a book of Changes

   Spells                             Type                      Level
   a - Beastly Appendage              Transmutation                1
   b - Sticks to Snakes               Transmutation                2
   c - Spider Form                    Transmutation/Poison         3
   d - Ice Form                       Ice/Transmutation            4
   e - Blade Hands                    Transmutation                5
 x - a book of Beasts

   Spells                             Type                      Level
   a - Summon Butterflies             Summoning                    1
   b - Call Canine Familiar           Summoning                    3
   c - Summon Ice Beast               Ice/Summoning                4
   d - Summon Mana Viper              Hexes/Summoning              5
   e - Summon Hydra                   Summoning                    7
Comestibles
 d - 3 bread rations
 p - a meat ration
 t - a beef jerky


   Skills:
 - Level 0.8(0.5) Fighting
 - Level 1.7(1.4) Dodging
 + Level 8.2(7.9) Unarmed Combat
 + Level 5.8(5.4) Spellcasting
 + Level 7.5(7.1) Transmutations
 - Level 3.0(2.7) Poison Magic


You had 8 spell levels left.
You knew the following spells:

 Your Spells              Type           Power        Failure   Level  Hunger
a - Beastly Appendage     Tmut           ####..       1%          1    None
b - Spider Form           Tmut/Pois      ###.......   8%          3    ##.....
c - Sticks to Snakes      Tmut           ####....     1%          2    #......
d - Blade Hands           Tmut           ####......   21%         5    ######.


Dungeon Overview and Level Annotations

Branches:
Dungeon (7/15)             Temple (0/1) D:4

Shops:
D:4 (   D:6 (

Annotations:
D:5 Grinder
D:6 st0uf's ghost, novice NaFi
D:7 Joseph


Innate Abilities, Weirdness & Mutations

You have an increased reservoir of magic. (+10% MP)


Message History

a shortbow; 6 arrows The orc wizard casts a spell.
The orc wizard seems to speed up.
You feel yourself speed up.
Your transformation is almost over.
You are very lightly contaminated with residual magic.
Joseph shouts!
Joseph hits you with a quarterstaff!
* * * LOW HITPOINT WARNING * * *
Your horns disappear.
Joseph unwields an uncursed quarterstaff.
Joseph wields a hunting sling.
Joseph shoots a sling bullet.
The sling bullet barely misses you.
Found a scroll labeled LEUVUS JAOMELA.
Found a hunting sling.
Found 4 gold pieces.
Found a stone staircase leading down.
There is a stone staircase leading down here.
Joseph shoots a sling bullet.
The sling bullet hits you!
You die...

### #..#..o.oo.#
..###.###.####.########
#.##.## ##........o.oo. #
#..@..###...##.#######o
#.###.###..#o.#.##.##### #.
#)......@....##.$....?.###.
###...@####...(....###.##..
#.......##..####### #..
#?.......@...# #..
#.......##....... ....
###...### .....## .....#
#.$.# .#.#.# ...## ##.##
...# # ### #. .# # #. .. ..
##


You could see Joseph and an orc.

Vanquished Creatures
  Pikel (D:4)
  A hog (D:7)
  A human (D:7)
  Eustachio (D:6)
  A steam dragon (D:7)
  Duvessa (D:4)
  A sky beast (D:6)
  2 phantoms
  A slave (D:4)
  An ogre (D:5)
  A centaur (D:7)
  A big kobold (D:7)
  2 bullfrogs
  Dowan (D:4)
  A scorpion (D:4)
  A water moccasin skeleton (D:7)
  7 wights
  3 howler monkeys
  3 crimson imps
  4 hounds
  2 orc wizards
  A bullfrog skeleton (D:6)
  5 orc priests
  2 iguanas
  5 worker ants
  2 worker ant zombies (D:6)
  10 adders
  2 shadow imps (D:7)
  An ooze (D:1)
  An adder zombie (D:6)
  2 worms (D:4)
  5 dart slugs
  4 leopard geckos
  25 orcs
  4 giant cockroaches
  5 goblins
  8 hobgoblins
  10 jackals
  14 kobolds
  2 quokkas
  2 ball pythons
  A ball python skeleton (D:4)
  17 bats
  2 frilled lizards (D:3)
  A leopard gecko zombie (D:6)
  19 rats
187 creatures vanquished.

Vanquished Creatures (collateral kills)
  An ogre (D:5)
  A centaur (D:5)
  A bullfrog (D:5)
  A scorpion (D:7)
  An orc wizard (D:5)
  An ooze (D:4)
  A leopard gecko (D:4)
  4 orcs (D:4)
  A kobold (D:7)
12 creatures vanquished.

Vanquished Creatures (others)
  2 slaves (D:4)
  An orc priest (D:4)
  3 orcs (D:4)
6 creatures vanquished.

Grand Total: 205 creatures vanquished

Notes
Turn   | Place    | Note
-------+----------+-------------------------------------------
     0 | D:1      | hairmachine the Demigod Transmuter began the quest for the Orb.
     0 | D:1      | Reached XP level 1. HP: 15/15 MP: 5/5
   537 | D:1      | Reached skill level 3 in Unarmed Combat
   735 | D:1      | Reached XP level 2. HP: 22/22 MP: 5/7
  1564 | D:1      | Reached XP level 3. HP: 27/27 MP: 6/8
  1612 | D:1      | Learned a level 3 spell: Spider Form
  2889 | D:2      | Reached XP level 4. HP: 25/34 MP: 9/9
  4219 | D:3      | Reached skill level 4 in Unarmed Combat
  4338 | D:3      | Reached XP level 5. HP: 35/39 MP: 8/10
  5088 | D:3      | Found an ancient bone altar of Kikubaaqudgha.
  5309 | D:3      | Learned a level 2 spell: Sticks to Snakes
  5481 | D:4      | Reached skill level 1 in Poison Magic
  5732 | D:3      | Reached XP level 6. HP: 30/46 MP: 11/11
  6042 | D:4      | Noticed Pikel
  6078 | D:5      | Entered Level 5 of the Dungeon
  6324 | D:5      | Reached skill level 5 in Unarmed Combat
  7202 | D:5      | Reached XP level 7. HP: 38/51 MP: 10/12
  7745 | D:6      | Noticed Grinder
  8018 | D:4      | Found a staircase to the Ecumenical Temple.
  8030 | D:4      | Reached skill level 6 in Unarmed Combat
  8298 | D:4      | Killed Pikel
  8298 | D:4      | Reached skill level 5 in Transmutations
  8298 | D:4      | Reached XP level 8. HP: 17/58 MP: 8/16
  8629 | D:4      | Noticed Dowan
  8630 | D:4      | Noticed Duvessa
  8648 | D:4      | Killed Duvessa
  8659 | D:4      | Killed Dowan
  9022 | D:4      | Found a deep blue altar of Sif Muna.
  9115 | D:4      | Found Riwuron's Weapon Shop.
  9546 | D:6      | Reached skill level 7 in Unarmed Combat
  9734 | D:6      | Learned a level 5 spell: Blade Hands
  9790 | D:6      | Found Fofira's Weapon Shoppe.
  9871 | D:6      | Noticed Eustachio
  9940 | D:6      | Killed Eustachio
 10170 | D:6      | Noticed st0uf's ghost (novice NaFi)
 10338 | D:6      | Reached XP level 9. HP: 55/63 MP: 20/20
 10461 | D:6      | Reached skill level 5 in Spellcasting
 11706 | D:7      | Reached skill level 8 in Unarmed Combat
 11963 | D:7      | Noticed Joseph
 12040 | D:7      | HP: 3/63 [Joseph/quarterstaff (8)]
 12051 | D:7      | Shot with a sling bullet by Joseph

Vault maps used:
D:1:      dpeg_arrival_ratfight, serial_bayou, serial_bayou_lagoon_a,
          serial_bayou_pond_e, serial_bayou_pond_b, serial_bayou_crossing,
          minivault_24
D:2:      lemuel_upstairs_altar
D:3:      lemuel_tele_altar
D:4:      nicolae_overflow_crystal_walls, serial_shops, nicolae_shop_waterfront,
          first_bread, lightli_sewer_entry_pipes, uniq_pikel, uniq_duvessa
D:6:      serial_shops, nicolae_shop_window_shopping,
          hangedman_abyss_or_decor_stabs, uniq_eustachio, uniq_grinder
D:7:      xom_teletrap_fun, grunt_livestock, kennysheep_generic_room_7,
          uniq_joseph

Skill      XL: |  1  2  3  4  5  6  7  8  9 |
---------------+----------------------------+-----
Transmutations | 2 3 4 5 6 7 |  7.5
Unarmed Combat | 3 4 5 6 7 8 |  8.2
Poison Magic   | 1 3 |  3.0
Spellcasting   | 3 4 5 |  5.8
Fighting       | |  0.8
Dodging        | |  1.7

Action                   |  1- 3 |  4- 6 |  7- 9 || total
-------------------------+-------+-------+-------++-------
Melee: Unarmed           |   153 |   345 |   494 ||   992
       Headbutt          |     9 |    45 |    58 ||   112
       Kick              |     2 |       |       ||     2
       Punch             |     1 |     5 |    10 ||    16
Throw: Stone             |    12 |    35 |     5 ||    52
 Cast: Beastly Appendage |    22 |    33 |    31 ||    86
       Sticks to Snakes  |       |    16 |    24 ||    40
       Spider Form       |       |       |     2 ||     2
  Use: Potion            |     2 |       |     5 ||     7
       Scroll            |       |     6 |     2 ||     8
 Stab: Sleeping          |       |     1 |     2 ||     3
       Distracted        |       |     1 |       ||     1
  Eat: Chunk             |     5 |    13 |    13 ||    31
       Meat ration       |       |     1 |       ||     1
       Beef jerky        |       |       |     1 ||     1
       Royal jelly       |       |       |     1 ||     1
Armor: Robe              |    50 |    93 |   205 ||   348
       Skin              |       |       |     1 ||     1
Dodge: Dodged            |   101 |   211 |   302 ||   614
